 Dungeon Sprint DCSS version 0.27-a0-828-g8289197e94 (webtiles) character file.

Game seed: 14783006706850164875

289424 mhtbhm the Ninja (level 13, 72/72 HPs)
             Began as a Spriggan Brigand on Mar 30, 2021.
             Was the Champion of Dithmenos.
             Escaped with the Orb!
             The game lasted 00:13:04 (5183 turns).

mhtbhm the Ninja (Spriggan Brigand)                 Turns: 5183, Time: 00:13:04

Health: 72/72      AC: 10    Str:  6 (7)  XL:     13   Next: 47%
Magic:  22/22      EV: 23    Int: 12      God:    Dithmenos [******]
Gold:   375        SH:  0    Dex: 22      Spells: 12/12 levels left

rFire    + + .     SeeInvis +   a - +8 quick blade
rCold    . . .     Faith    .   (shield restricted)
rNeg     . . .     Spirit   .   b - +1 faerie dragon scales {rPois rF++ Regen+ rCorr Slay-4}
rPois    +         Reflect  .   (helmet restricted)
rElec    .         Harm     .   c - +1 cloak
rCorr    +         Rampage  .   (gloves unavailable)
Will     ++...     NoTele   +   (boots unavailable)
Stlth    ++++++....             m - amulet of invisibility {+Inv}
HPRegen  1.22/turn              (no ring)
MPRegen  0.18/turn              (no ring)

@: wreathed by umbra, very quick
A: very small, no large weapons, unfitting armour, see invisible, speed 3
0: Orb of Zot
a: Renounce Religion, Evoke Invisibility, Shadow Step, Shadow Form


You escaped.
You worshipped Dithmenos.
Dithmenos was exalted by your worship.
You visited 1 branch You collected 460 gold pieces.
You spent 85 gold pieces at shops.

Inventory:

Hand Weapons
 a - a +8 quick blade (weapon)
Missiles
 d - 20 poisoned darts
 e - 6 curare-tipped darts (quivered)
Armour
 b - the +1 faerie dragon scales (worn) {rPois rF++ Regen+ rCorr Slay-4}
   (You took it off the Enchantress in the Dungeon)

   It affects your accuracy and damage with ranged weapons and melee attacks
   (-4).
   It greatly protects you from fire.
   It protects you from poison.
   It increases your rate of health regeneration.
   It protects you from acid and corrosion.
 c - a +1 cloak (worn)
Jewellery
 j - an amulet of regeneration
 m - the amulet of invisibility (around neck) {+Inv}
   (You found it in the Dungeon)

   [amulet of nothing]

   It lets you turn invisible.
 p - the amulet "Tecsipn" {Faith rC+ Dex+7}
   (You found it in the Dungeon)

   [amulet of faith]

   It allows you to gain divine favour quickly.
   It affects your dexterity (+7).
   It protects you from cold.
Potions
 f - a potion of curing
 i - a potion of magic


   Skills:
 + Level 10.0 Fighting
 + Level 16.6 Short Blades
 + Level 6.1 Throwing
 + Level 4.8 Armour
 + Level 9.7 Dodging
 O Level 27 Stealth
 + Level 11.4 Invocations
 + Level 22.1 Evocations


You had 12 spell levels left.
You didn't know any spells.
Your spell library contained the following spells:

 Spells                   Type           Power      Damage    Failure   Level
 Corona                   Hex            0%         N/A       52%         1
 Magic Dart               Conj           0%         1d3       52%         1
 Sting                    Tmut/Pois      0%         1d3       52%         1
 Blink                    Tloc           N/A        N/A       67%         2
 Call Imp                 Summ           0%         N/A       67%         2
 Poisonous Vapours        Pois/Air       0%         N/A       67%         2
 Slow                     Hex            0%         N/A       67%         2
 Conjure Flame            Conj/Fire      0%         6-21      88%         3
 Ignite Poison            Fire/Tmut/Pois 0%         N/A       88%         3
 Inner Flame              Hex/Fire       0%         N/A       88%         3
 Mephitic Cloud           Conj/Pois/Air  0%         N/A       88%         3
 Portal Projectile        Hex/Tloc       0%         N/A       88%         3
 Cause Fear               Hex            0%         N/A       99%         4
 Leda's Liquefaction      Hex/Erth       0%         N/A       99%         4
 Olgreb's Toxic Radiance  Pois           0%         N/A       99%         4


Dungeon Overview and Level Annotations

Branches:
Dungeon (1/1)

Altars:
Cheibriados
Dithmenos
Elyvilon
Gozag
Hepliaklqana
Kikubaaqudgha
Makhleb
Nemelex Xobeh
Okawaru
Qazlal
Ru
Sif Muna
Trog
Uskayaw
Vehumet
Wu Jian
Xom
Yredelemnul
Zin
The Shining One
Beogh
Jiyva
Lugonu

Shops:
D !(?(?(!?*([*(([?[[[([


Innate Abilities, Weirdness & Mutations

You are very small and have problems with some larger weapons.
You are too small for most types of armour.
You have supernaturally acute eyesight. (SInv)
You cover ground extremely quickly. (Speed+++)


Message History

As you read the scroll of blinking, it crumbles to dust.
You open the huge gate.
There is a huge open gate here.
Things that are here:
a +0 quarterstaff; a +0 robe The ghost moth closely misses you.
The ghost moth hits you!
You feel weakened. The ghost moth barely misses you.
The ghost moth stares at you.
You feel your power leaking away.
Things that are here:
a +0 quarterstaff; a +0 robe
There is an open door here.
You close the door.
There is an open door here.
There is an entrance to Kape's Antique Weapon Emporium here.
There is an entrance to Toezxergh's Magic Scroll Shoppe here.
There is an open door here.
There is an open door here.
A rust devil comes into view.
The rust devil moves out of view.
Things that are here:
a +0 dagger; a +0 robe A Tzitzimitl comes into view.
There is an open door here.
There is an open door here.
There is an open door here.
There is an open door here.
You see here a staff of fire.
There is an open door here.
Your magical contamination has completely faded away.
There is an open door here.
There is an open door here.
There is an open door here.
There is an open door here.
There is an open door here.
You puncture the fungus!
The fungus begins to die.
The fungus is lightly damaged.
There is a staircase leading out of the dungeon here.
You have escaped!

##################
#@..P#.....#.....#
#PP..'.....'.#.[.'
#PPPP#.....#.#...#
###############'##
#...♣........'...#
#......♣.....#...#
#.....♣..♣..######
##'####'######.|'.
#..#....'.......#♣


There were no monsters in sight!

Vanquished Creatures
  the Enchantress (D)
  Agnes (D)
  A ghost moth (D)
  6 spriggan defenders (D)
  5 spriggan berserkers (D)
  4 spriggan druids (D)
  25 oklob plants (D)
  3 moths of wrath (D)
  4 demonic crawlers (D)
  2 burning bushes (D)
  3 wandering mushrooms (D)
  2 queen bees (D)
  10 hornets (D)
  4 scorpions (D)
  4 killer bees (D)
  5 oklob saplings (D)
  11 spriggans (D)
  A river rat (D)
  A rat (D)
  A ballistomycete spore (D)
94 creatures vanquished.

Vanquished Creatures (others)
  A ballistomycete spore (D)
1 creature vanquished.

Grand Total: 95 creatures vanquished

Notes
Turn   | Place    | Note
-------+----------+-------------------------------------------
     0 | D        | mhtbhm the Spriggan Brigand began the quest for the Orb.
     0 | D        | Reached XP level 1. HP: 10/10 MP: 2/2
     9 | D        | Reached skill level 8 in Stealth
     9 | D        | Reached XP level 2. HP: 15/15 MP: 3/3
    21 | D        | Noticed an oklob sapling
    23 | D        | Killed an oklob sapling
    24 | D        | Reached skill level 10 in Stealth
    24 | D        | Reached XP level 3. HP: 18/18 MP: 4/4
    26 | D        | Noticed a scorpion
    27 | D        | Found the amulet of invisibility {+Inv}
    28 | D        | Killed a scorpion
    29 | D        | Reached skill level 12 in Stealth
    29 | D        | Reached XP level 4. HP: 23/23 MP: 5/5
    51 | D        | Found an opulent altar of Gozag.
    51 | D        | Found a hazy altar of Hepliaklqana.
    51 | D        | Found a burning altar of Makhleb.
    51 | D        | Found a sparkling altar of Nemelex Xobeh.
    51 | D        | Found a snail-covered altar of Cheibriados.
    51 | D        | Found a sacrificial altar of Ru.
    51 | D        | Found a shimmering blue altar of Sif Muna.
    51 | D        | Found a shimmering altar of Xom.
    51 | D        | Found a basalt altar of Yredelemnul.
    52 | D        | Found a viscous altar of Jiyva.
    52 | D        | Found a bloodstained altar of Trog.
    52 | D        | Found an ornate altar of the Wu Jian Council.
    53 | D        | Found an iron altar of Okawaru.
    53 | D        | Found a shadowy altar of Dithmenos.
    53 | D        | Found a glowing silver altar of Zin.
    54 | D        | Found an ancient bone altar of Kikubaaqudgha.
    54 | D        | Found a hide-covered altar of Uskayaw.
    55 | D        | Found a stormy altar of Qazlal.
    55 | D        | Found a white marble altar of Elyvilon.
    55 | D        | Found a glowing golden altar of the Shining One.
    56 | D        | Found a corrupted altar of Lugonu.
    56 | D        | Found a radiant altar of Vehumet.
    62 | D        | Reached skill level 13 in Stealth
    62 | D        | Reached skill level 1 in Evocations
    62 | D        | Reached XP level 5. HP: 28/28 MP: 3/6
    64 | D        | Became a worshipper of Dithmenos the Shadowed
    74 | D        | Reached skill level 14 in Stealth
   122 | D        | Reached skill level 15 in Stealth
   178 | D        | Noticed a queen bee
   185 | D        | Killed a queen bee
   185 | D        | Reached * piety under Dithmenos
   186 | D        | Reached skill level 5 in Short Blades
   186 | D        | Reached skill level 17 in Stealth
   186 | D        | Reached XP level 6. HP: 33/33 MP: 4/7
   188 | D        | Reached skill level 18 in Stealth
   189 | D        | Reached ** piety under Dithmenos
   190 | D        | Reached skill level 5 in Evocations
   190 | D        | Reached XP level 7. HP: 37/37 MP: 5/8
   192 | D        | Noticed an oklob plant
   195 | D        | Killed an oklob plant
   196 | D        | Reached skill level 5 in Throwing
   196 | D        | Reached skill level 20 in Stealth
   241 | D        | Noticed a burning bush
   244 | D        | Killed a burning bush
   245 | D        | Reached XP level 8. HP: 42/42 MP: 9/9
   254 | D        | Noticed a burning bush
   254 | D        | Noticed an oklob plant
   255 | D        | Noticed a wandering mushroom
   256 | D        | Killed a burning bush
   256 | D        | Reached *** piety under Dithmenos
   257 | D        | Reached skill level 21 in Stealth
   265 | D        | Killed an oklob plant
   266 | D        | Reached skill level 5 in Fighting
   266 | D        | Reached skill level 22 in Stealth
   459 | D        | Killed a wandering mushroom
   460 | D        | Reached XP level 9. HP: 47/47 MP: 7/10
   518 | D        | Noticed a spriggan druid
   519 | D        | Killed a spriggan druid
   520 | D        | Reached skill level 23 in Stealth
   538 | D        | Noticed an oklob plant conjurer
   539 | D        | Killed an oklob plant conjurer
   539 | D        | Reached **** piety under Dithmenos
   540 | D        | Reached skill level 24 in Stealth
   540 | D        | Reached skill level 10 in Evocations
   924 | D        | Found Famitsau's Armour Shop.
   924 | D        | Found Gaompargh's Weapon Emporium.
   934 | D        | Noticed a burning bush
   934 | D        | Noticed a wandering mushroom
   935 | D        | Noticed a wandering mushroom
   936 | D        | Killed a wandering mushroom
   939 | D        | Killed a wandering mushroom
   939 | D        | Reached ***** piety under Dithmenos
  1202 | D        | Found Yso Lokyho's Antique Armour Shoppe.
  1203 | D        | Found Lysawoy's Armour Emporium.
  1466 | D        | Noticed an oklob plant
  1466 | D        | Noticed an oklob plant summoner
  1467 | D        | Noticed an oklob plant shifter
  1469 | D        | Killed an oklob plant
  1470 | D        | Reached skill level 1 in Invocations
  1470 | D        | Reached XP level 10. HP: 47/51 MP: 4/11
  1471 | D        | Killed an oklob plant summoner
  1472 | D        | Reached skill level 25 in Stealth
  1472 | D        | Killed an oklob plant shifter
  1525 | D        | Noticed a spriggan rider
  1526 | D        | Found Irunikkon's Weapon Emporium.
  1528 | D        | Found Voraedgh's Antique Armour Shoppe.
  1529 | D        | Killed a spriggan rider
  1530 | D        | Reached skill level 26 in Stealth
  1637 | D        | Noticed Agnes
  1639 | D        | Found Syra's Magic Scroll Emporium.
  1639 | D        | Found Vitius's Antique Armour Shoppe.
  1640 | D        | Killed Agnes
  1641 | D        | Reached skill level 5 in Dodging
  1641 | D        | Reached skill level 27 in Stealth
  1680 | D        | Noticed a spriggan defender
  1684 | D        | Killed a spriggan defender
  1685 | D        | Reached skill level 10 in Short Blades
  1685 | D        | Reached XP level 11. HP: 52/56 MP: 9/14
  1698 | D        | Bought an embroidered robe for 85 gold pieces
  1712 | D        | Noticed a spriggan berserker
  1714 | D        | Killed a spriggan berserker
  1715 | D        | Reached skill level 15 in Evocations
  1735 | D        | Noticed a spriggan rider
  1739 | D        | Killed a spriggan rider
  1744 | D        | Reached skill level 5 in Invocations
  1819 | D        | Noticed a ghost moth
  1820 | D        | Found Nydorph's Distillery.
  1820 | D        | Found Figerr's Weapon Boutique.
  1820 | D        | Found Odunt's Magic Scroll Emporium.
  1824 | D        | Killed a ghost moth
  1838 | D        | Noticed an oklob plant meteorologist
  1839 | D        | Noticed an oklob plant shifter
  1843 | D        | Killed an oklob plant meteorologist
  1851 | D        | Killed an oklob plant shifter
  2047 | D        | Noticed a spriggan rider
  2049 | D        | Killed a spriggan rider
  2052 | D        | Reached ****** piety under Dithmenos
  2123 | D        | Found Toezxergh's Magic Scroll Shoppe.
  2123 | D        | Found Liloocof's Weapon Boutique.
  2123 | D        | Found Hykheb's Weapon Shop.
  2123 | D        | Found Pesmyell's Magic Scroll Emporium.
  2123 | D        | Found Goll's Distillery.
  2124 | D        | Found Kape's Antique Weapon Emporium.
  2124 | D        | Found Fen Orrodo's Armour Shop.
  2124 | D        | Found Eluvuaxy's Assorted Antiques.
  2159 | D        | Noticed an oklob plant summoner
  2160 | D        | Found Pizogg's General Store.
  2160 | D        | Found Qufag's Antique Weapon Shop.
  2161 | D        | Killed an oklob plant summoner
  2165 | D        | Noticed an oklob plant demonologist
  2165 | D        | Noticed an oklob plant annihilator
  2166 | D        | Noticed a spriggan berserker
  2167 | D        | Killed a spriggan berserker
  2168 | D        | Killed an oklob plant demonologist
  2169 | D        | Killed an oklob plant annihilator
  2341 | D        | Identified the amulet "Tecsipn" {Faith rC+ Dex+7}
  2375 | D        | Noticed an oklob plant
  2375 | D        | Noticed an oklob plant
  2375 | D        | Noticed an oklob plant
  2375 | D        | Noticed an oklob plant
  2375 | D        | Noticed an oklob plant
  2375 | D        | Noticed an oklob plant
  2376 | D        | Noticed an oklob plant
  2377 | D        | Killed an oklob plant
  2378 | D        | Reached XP level 12. HP: 63/63 MP: 15/18
  2433 | D        | Noticed a spriggan defender
  2433 | D        | Noticed a spriggan defender
  2435 | D        | Killed a spriggan defender
  2437 | D        | Killed a spriggan defender
  2722 | D        | Reached skill level 15 in Short Blades
  2725 | D        | Reached skill level 10 in Invocations
  2875 | D        | Noticed a spriggan defender
  2915 | D        | Killed a spriggan defender
  3393 | D        | Noticed the Enchantress
  3395 | D        | Killed the Enchantress
  3396 | D        | Reached XP level 13. HP: 65/70 MP: 16/22
  3452 | D        | Noticed a ghost moth
  3671 | D        | Reached skill level 1 in Armour
  4940 | D        | Noticed a spriggan defender
  4941 | D        | Noticed a spriggan defender
  4942 | D        | Killed a spriggan defender
  4944 | D        | Killed a spriggan defender
  4945 | D        | Reached skill level 10 in Fighting
  4959 | D        | Got the Orb of Zot
  4979 | D        | Noticed a Hell Sentinel
  5129 | D        | Noticed a Tzitzimitl
  5183 | D        | Escaped with the Orb!

Illustrated notes

Levels and vault maps discovered:
D:        dungeon_sprint_fedhas [sprint_temple]

Skill      XL: |  1  2  3  4  5  6  7  8  9 10 11 12 13 |
---------------+----------------------------------------+-----
Stealth        | 8 10 12 13 17 18 20 22 24 27 | 27.0
Fighting       | 2 3 4 5 6 7 9 10 | 10.0
Short Blades   | 3 4 5 6 7 8 10 12 16 | 16.6
Throwing       | 3 4 5 6 |  6.1
Evocations     | 1 4 5 6 8 11 14 18 21 22 | 22.1
Dodging        | 2 3 5 6 7 9 |  9.7
Invocations    | 1 3 7 10 11 | 11.4
Armour         | 4 |  4.8

Action                   |  1- 3 |  4- 6 |  7- 9 | 10-12 | 13-15 || total
-------------------------+-------+-------+-------+-------+-------++-------
Melee: Dagger            |     4 |     7 |    37 |     8 |       ||    56
       Rapier            |       |       |       |    52 |       ||    52
       Quick blade       |       |       |       |     9 |   273 ||   282
Throw: Dart              |     1 |       |       |     2 |     1 ||     4
Invok: Shadow Step       |       |       |     4 |    14 |     6 ||    24
       Shadow Form       |       |       |       |       |     1 ||     1
 Abil: Evoke Invisibilit |       |     3 |     5 |     5 |     2 ||    15
       End Transformatio |       |       |       |       |     1 ||     1
  Use: Potion            |       |       |     1 |     1 |     4 ||     6
       Scroll            |       |       |       |     3 |     2 ||     5
 Stab: Sleeping          |     3 |     7 |    12 |    45 |     4 ||    71
       Invisible         |       |       |     3 |       |    10 ||    13
       Distracted        |       |       |       |       |     2 ||     2
Armor: Acid dragon scale |       |       |       |       |    32 ||    32
Dodge: Dodged            |     1 |       |     9 |     7 |   207 ||   224

Table legend: (Time is in decaauts)
 A = Elapsed time spent in this place.
 B = Non-inter-level travel time spent in this place.
 C = Inter-level travel time spent in this place.
 D = Time resting spent in this place.
 E = Time spent auto-exploring this place.
 F = Levels seen in this place.
 G = Mean time per level.
                   A        B        C        D        E       F      G
               +--------+--------+--------+--------+--------+-----+--------+
         Total |   4322 |   4194 |    128 |   3038 |     57 |   1 | 4322.0 |
       Dungeon |   4322 |   4194 |    128 |   3038 |     57 |   1 | 4322.0 |
               +--------+--------+--------+--------+--------+-----+--------+

Top non-repeatable levels by time:
       D: 4322 daAuts
